Cogmind - Beta 11.1 @@@ ROGUE MODE // 2022.04.29 @ 09:39:29 Player: ktur Result: Self-destructed Performance ------------- Evolutions (4) 2000 Regions Visited (13) 2600 Robots Destroyed (114) 570 Value Destroyed (2848) 2848 Prototype IDs (26) 520 Alien Tech Used (0) 0 Bonus (298) 298 TOTAL SCORE: 8836 Bonus ------- High Alert Combat Kills 15 Follower Combat Kills 42 Met Data Miner 300 Friendly Fire -59 Cogmind --------- Core Integrity 575/850 Matter 300/300 Energy 150/150 System Corruption 16% Temperature Cool (0) Movement Core (550) Ox10 Location -6/Factory Parts ------- > --- POWER (1) -------- Micro Fission Core > --- PROPULSION (4) --- (None) > --- UTILITY (8) ------ Large Storage Unit Improved Sensor Array Experimental Signal Interpreter Hacking Suite Hacking Suite Advanced Hacking Suite Deep Network Scanner Improved System Shield > --- WEAPON (2) ------- Greatsword > --- INVENTORY (15) --- Micro Nuclear Core Enhanced Optical Array Powered Armor Improved System Shield Authchip [Propulsion] Authchip [Device] Authchip [Processor] Authchip [Processor] Authchip [Armor] Authchip [Weapon] Hypervelocity Mass Driver Smartbomb Launcher Improved Datajack Peak State ------------ > --- POWER ------------ Micro Fission Core > --- PROPULSION ------- Gravmag System Cooled Airjet Antigrav System Antigrav System > --- UTILITY ---------- Large Storage Unit Experimental Signal Interpreter Hacking Suite Hacking Suite Hacking Suite Advanced Hacking Suite Deep Network Scanner Improved System Shield > --- WEAPON ----------- Greatsword > --- INVENTORY -------- Micro Nuclear Core Enhanced Optical Array Improved Sensor Array Powered Armor Improved System Shield Authchip [Propulsion] Authchip [Device] Authchip [Processor] Authchip [Processor] Authchip [Armor] Authchip [Weapon] Hypervelocity Mass Driver Smartbomb Launcher Improved Datajack [Rating: 80] Favorites ----------- Power Light Nuclear Core Engine Ion Engine Power Core Light Nuclear Core Propulsion Aerolev Unit Treads Light Treads Leg Carbon-fiber Leg Hover Unit Aerolev Unit Utility Hacking Suite Device Improved Sensor Array Storage Large Storage Unit Processor Improved Signal Interpreter Hackware Hacking Suite Protection Light Armor Plating Weapon Assault Rifle Ballistic Gun Assault Rifle Ballistic Cannon Hypervelocity Mass Driver Launcher Grenade Launcher Special Weapon Remote Datajack Impact Weapon Heavy Mace Slashing Weapon Katana Special Melee Weapon Datajack Build | -11 -10 -10 -10 -9 -8 -7 -7 -7 -7 -7 -7 -6 -6 ------- Run | Scr Mat Min Exi Min Mat Fac Was Fac Low Low Dat Pro Fac Slots Evolved 8 | . . . . . 4 2 . . . . . . 2 Power . | . . . . . . . . . . . . . . Propulsion 2 | . . . . . 1 1 . . . . . . . Utility 6 | . . . . . 3 1 . . . . . . 2 Weapon . | . . . . . . . . . . . . . . Parts Attached 169 | 5 12 1 1 1 42 34 2 23 . 3 2 6 37 Power 16 | 1 2 . . 1 6 4 . 1 . . . . 1 Engine 5 | 1 2 . . 1 1 . . . . . . . . Core 11 | . . . . . 5 4 . 1 . . . . 1 Reactor . | . . . . . . . . . . . . . . Propulsion 44 | 2 2 . . . 18 9 . 4 . . 1 1 7 Treads 16 | 2 2 . . . 12 . . . . . . . . Leg 5 | . . . . . 5 . . . . . . . . Wheel . | . . . . . . . . . . . . . . Hover 23 | . . . . . 1 9 . 4 . . 1 1 7 Flight . | . . . . . . . . . . . . . . Utility 67 | 1 2 1 1 . 9 17 . 14 . 2 1 1 18 Device 35 | . 1 1 . . 2 12 . 8 . 1 . 1 9 Storage 4 | 1 1 . 1 . 1 . . . . . . . . Processor 4 | . . . . . 3 . . 1 . . . . . Hackware 9 | . . . . . 1 3 . 1 . . . . 4 Protection 15 | . . . . . 2 2 . 4 . 1 1 . 5 Artifact . | . . . . . . . . . . . . . . Weapon 42 | 1 6 . . . 9 4 2 4 . 1 . 4 11 Energy Gun . | . . . . . . . . . . . . . . Energy Cannon . | . . . . . . . . . . . . . . Ballistic Gun 14 | 1 5 . . . 7 . . . . 1 . . . Ballistic Cannon 4 | . . . . . . . . . . . . 2 2 Launcher 5 | . 1 . . . 2 . . 1 . . . . 1 Special Weapon 2 | . . . . . . . . . . . . . 2 Impact Weapon 1 | . . . . . . . . . . . . . 1 Slashing Weapon 15 | . . . . . . 3 2 3 . . . 2 5 Piercing Weapon . | . . . . . . . . . . . . . . Special Melee Weapon 1 | . . . . . . 1 . . . . . . . Unidentified Prototypes 7 | . . . . . 2 . 1 1 . . . . 3 Parts Lost 21 | . 1 . . . 6 1 . 3 . . 1 . 9 Power 3 | . . . . . 2 . . 1 . . . . . Propulsion 14 | . 1 . . . 2 1 . 2 . . 1 . 7 Utility 2 | . . . . . 1 . . . . . . . 1 Weapon 2 | . . . . . 1 . . . . . . . 1 Highest Loss Streak 3 | . 1 . . . 2 1 . 3 . . 1 . 3 To Critical Strikes . | . . . . . . . . . . . . . . Average Slot Usage (%) 95 | . 94 100 100 100 91 98 100 98 92 92 92 92 91 Engine 4 | . 14 14 14 14 1 . . . . . . . . Core 4 | . . . . . 6 7 7 6 7 7 7 7 6 Treads 13 | . 27 28 28 28 20 . . . . . . . . Leg 1 | . . . . . 5 . . . . . . . . Hover 13 | . . . . . . 29 30 29 30 30 30 30 25 Device 8 | . 11 14 14 14 4 6 7 6 7 6 2 7 7 Storage 9 | . 14 14 14 14 9 7 7 7 7 7 7 7 6 Processor 6 | . . . . . 16 7 7 7 7 7 7 7 6 Hackware 12 | . . . . . 4 22 23 23 23 23 23 23 29 Protection 1 | . . . . . 4 . . . . . 5 . 1 Ballistic Gun 13 | . 26 28 28 28 17 2 . . . . . . . Slashing Weapon 4 | . . . . . . 11 15 14 7 7 7 5 5 Naked Turns . | . . . . . . . . . . . . . . Heaviest Build 50 | 12 30 30 30 30 35 40 31 41 31 40 32 39 50 Greatest Support 60 | 40 40 40 40 40 60 33 32 34 34 34 37 33 39 Greatest Overweight (x) 2 | . . . . . 1 1 . 1 . 1 1 1 2 Average Overweight (x) . | . . . . . . . . . . . . . . Largest Inventory Capacity 15 | 8 15 15 15 15 15 15 15 15 15 15 15 15 15 Average Capacity 14 | 7 11 15 15 15 15 15 15 15 15 15 15 15 15 Most Carried 15 | 7 11 15 15 15 15 15 15 15 15 15 15 15 15 Average Carried 14 | 3 9 14 14 14 14 14 14 14 15 14 14 14 14 Final Capacity 15 | 8 15 15 15 15 15 15 15 15 15 15 15 15 15 Final Carried 15 | 7 11 15 14 15 15 15 15 15 15 15 14 15 14 Class Distribution -------------------- 40% | Hacker-Mutant 39% | Mutant 14% | Scavenger-Mutant 5% | Wizard-Mutant Dominant Class ---------------- Mutant | -10/Materials Mutant | -10/Mines Mutant | -10/Exiles Mutant | -9/Mines Scavenger-Mutant | -8/Materials Hacker-Mutant | -7/Factory Hacker-Mutant | -7/Waste Hacker-Mutant | -7/Factory Hacker-Mutant | -7/Lower Caves Hacker-Mutant | -7/Lower Caves Hacker-Mutant | -7/Data Miner Hacker-Mutant | -6/Proximity Caves Hacker-Mutant | -6/Factory Resources | -11 -10 -10 -10 -9 -8 -7 -7 -7 -7 -7 -7 -6 -6 ----------- Run | Scr Mat Min Exi Min Mat Fac Was Fac Low Low Dat Pro Fac Matter Collected 3862 | 215 482 195 . 40 1443 400 39 346 45 46 . 164 447 Remotely . | . . . . . . . . . . . . . . Salvage Created 4285 | . 482 111 . 46 1662 309 . 488 . 48 25 136 978 Parts 255 | . 28 17 . 1 95 26 . 35 . 2 3 7 41 Haulers Intercepted 7 | . 2 . . . 4 . . . . . . . 1 Recyclers Shooed 5 | . 2 . . 1 2 . . . . . . . . Parts Field Recycled . | . . . . . . . . . . . . . . Retrieved Matter . | . . . . . . . . . . . . . . Parts Self-Destructed 7 | . . . . . . . . . . 1 . 6 . Prevented . | . . . . . . . . . . . . . . Kills | -11 -10 -10 -10 -9 -8 -7 -7 -7 -7 -7 -7 -6 -6 ------- Run | Scr Mat Min Exi Min Mat Fac Was Fac Low Low Dat Pro Fac Combat Hostiles Destroyed 71 | . 11 8 . 3 31 4 . 6 . 1 . 2 5 Melee 12 | . . . . . . 4 . 3 . 1 . . 4 Guns 47 | . 8 8 . 3 28 . . . . . . . . Cannons 3 | . . . . . . . . . . . . 2 1 AOE 9 | . 3 . . . 3 . . 3 . . . . . Classes Destroyed 15 | . 5 . . 1 4 2 . 1 . . . 1 1 Worker 19 | . 2 . . . 1 4 . 9 . . . . 3 Builder 1 | . . . . . . . . . . . . . 1 Tunneler 2 | . . . . . . 1 . . . . . . 1 Hauler 7 | . 2 . . . 4 . . . . . . . 1 Recycler 5 | . . . . . . . . 1 . . . . 4 Minesweeper 1 | . . . . . . . . . . . . 1 . Operator 4 | . 2 . . . 2 . . . . . . . . Watcher 7 | . . . . . 2 3 . 2 . . . . . Swarmer 21 | . 3 8 . 1 6 . . 3 . . . . . Grunt 26 | . 8 . . . 16 . . . . . . 1 1 Brawler 1 | . . . . . 1 . . . . . . . . Sentry 7 | . . . . . 7 . . . . . . . . Hunter 3 | . . . . . 1 . . . . 1 . . 1 Programmer 9 | . . . . . . 2 . 3 . . . 1 3 Assembled 4 | . . . . 2 . 2 . . . . . . . Best Kill Streak 6 | . 4 6 . 2 5 2 . 6 . 1 1 1 5 Combat Bots Only 6 | . 4 6 . 2 5 1 . 3 . 1 . 1 1 Max Kills in Single Turn 4 | . 4 1 . 1 3 1 . 2 . 1 1 1 1 Gunslinging . | . . . . . . . . . . . . . . Exploded 3 | . 3 . . . 3 . . 2 . . . . . Melee 1 | . . . . . . 1 . 1 . 1 . . 1 Uniques/NPCs Destroyed 1 | . . . . . . . . . . . 1 . . Data Miner (-7/Data Miner) Combat | -11 -10 -10 -10 -9 -8 -7 -7 -7 -7 -7 -7 -6 -6 -------- Run | Scr Mat Min Exi Min Mat Fac Was Fac Low Low Dat Pro Fac Damage Taken 4781 | . 656 178 . 101 1475 399 . 463 66 13 96 28 1306 Core 890 | . 92 22 . 41 171 150 . 98 27 . . 14 275 Absorbed by Shields . | . . . . . . . . . . . . . . Redirected to Shielding 102 | . . . . . . . . . . . 33 . 69 Regen/Repaired (Parts) 380 | . 121 . . . . 64 . 82 . . . . 113 Core Remaining (%) 66 | 100 . . . 38 68 . . . . . . 58 . Volleys Fired 244 | . 64 16 . 5 141 . . 3 . . . 8 7 Largest 2 | . 2 2 . 2 2 . . 1 . . . 1 1 Hottest 66 | . 40 40 . 40 50 . . 46 . . . 66 66 Shots Fired 446 | . 112 32 . 10 276 . . 3 . . . 7 6 Gun 426 | . 110 32 . 10 274 . . . . . . . . Cannon 13 | . . . . . . . . . . . . 7 6 Launcher 7 | . 2 . . . 2 . . 3 . . . . . Special . | . . . . . . . . . . . . . . Kinetic 439 | . 110 32 . 10 274 . . . . . . 7 6 Thermal . | . . . . . . . . . . . . . . Explosive 7 | . 2 . . . 2 . . 3 . . . . . Electromagnetic . | . . . . . . . . . . . . . . Robot Hit Streak 23 | . 14 3 . 3 23 . . . . . . 2 3 Robot Miss Streak 4 | . 4 4 . 3 4 . . . . . . 3 1 Penetration Max . | . . . . . . . . . . . . . . Secondary Targets 5 | . . 1 . . 4 . . . . . . . . Max Gunslinging Chain 1 | . . 1 . . 1 . . . . . . . . Shots Hit Robots 378 | . 77 14 . 5 193 24 . 25 . 1 1 7 31 Core Hits 159 | . 34 9 . 4 73 8 . 13 . 1 . 3 14 Critical Kills 6 | . 2 . . . . . . . . . . 2 2 Critical Parts Destroyed 2 | . . . . . 1 . . . . . . 1 . Critical Strikes 11 | . 2 . . . 1 1 . 1 . . . 3 3 Destroy 8 | . 2 . . . 1 . . . . . . 3 2 Sever 3 | . . . . . . 1 . 1 . . . . 1 Melee Attacks 214 | . . . . . . 78 . 66 2 1 8 4 55 Impact . | . . . . . . . . . . . . . . Slashing 213 | . . . . . . 77 . 66 2 1 8 4 55 Piercing . | . . . . . . . . . . . . . . Sneak Attacks 28 | . . . . . . 8 . 10 . . 1 1 8 Combat Hostiles 1 | . . . . . . 1 . . . . . . . Follow-up Attacks 11 | . . . . . . 6 . 5 . . . . . Damage Inflicted 10245 | . 1201 208 . 70 3404 1123 . 1785 . 52 102 295 2005 Guns 4409 | . 942 193 . 59 3215 . . . . . . . . Cannons 115 | . . . . . . . . . . . . 62 53 Explosions 737 | . 240 . . . 120 . . 377 . . . . . Melee 4870 | . . . . . . 1123 . 1408 . 52 102 233 1952 Ramming 114 | . 19 15 . 11 69 . . . . . . . . Kinetic 4524 | . 942 193 . 59 3215 . . . . . . 62 53 Thermal . | . . . . . . . . . . . . . . Explosive 737 | . 240 . . . 120 . . 377 . . . . . Electromagnetic . | . . . . . . . . . . . . . . Impact . | . . . . . . . . . . . . . . Slashing 4870 | . . . . . . 1123 . 1408 . 52 102 233 1952 Piercing . | . . . . . . . . . . . . . . Highest Corruption 16 | . . . . . . 4 12 14 14 14 14 14 16 Average Corruption 9 | . . . . . . 3 9 13 14 14 14 14 10 Corruption Purged . | . . . . . . . . . . . . . . Corruption Blocked . | . . . . . . . . . . . . . . Effects 144 | . . . . . . 23 . 46 6 9 3 9 48 Message Errors 37 | . . . . . . 5 . 5 2 2 1 3 19 Matter Fused 40 | . . . . . . 9 . 14 2 4 1 2 8 Heat Flow Errors 16 | . . . . . . 3 . 4 . 3 1 1 4 Energy Discharges 17 | . . . . . . 3 . 6 2 . . 1 5 Parts Rejected 1 | . . . . . . 1 . . . . . . . Data Loss (minor) 16 | . . . . . . 2 . 11 . . . . 3 Data Loss (major) 8 | . . . . . . . . 4 . . . 1 3 Alerts 5 | . . . . . . . . 2 . . . . 3 Misdirections 2 | . . . . . . . . . . . . . 2 Weapon Failures 2 | . . . . . . . . . . . . 1 1 Overload Shots . | . . . . . . . . . . . . . . Overflow Damage 995 | . . . . . . 185 . 322 . . 92 110 286 Projectiles . | . . . . . . . . . . . . . . Explosions 33 | . . . . . . . . 33 . . . . . Melee 962 | . . . . . . 185 . 289 . . 92 110 286 Knockbacks 1 | . . . . . 1 . . . . . . . . Impact 1 | . . . . . 1 . . . . . . . . Kinetic . | . . . . . . . . . . . . . . Secondary . | . . . . . . . . . . . . . . Self-Inflicted Damage 46 | . 46 . . . . . . . . . . . . Shots 2 | . 2 . . . . . . . . . . . . Rammed 19 | . 8 5 . 1 5 . . . . . . . . Targets Rammed 21 | . 8 5 . 1 7 . . . . . . . . Kicked 2 | . . . . . 2 . . . . . . . . Crushed . | . . . . . . . . . . . . . . Highest Temperature 324 | . 22 . . . 147 283 . 273 324 206 162 93 219 Average Temperature 68 | . 11 . . . 37 118 . 104 153 83 85 30 84 Received Heat Transfer 1125 | . 294 . . . 594 54 . 9 . . . . 174 Siege Activations . | . . . . . . . . . . . . . . Robots Corrupted . | . . . . . . . . . . . . . . Combat Hostiles . | . . . . . . . . . . . . . . Parts Fried . | . . . . . . . . . . . . . . Impact Corruptions . | . . . . . . . . . . . . . . Robots Melted . | . . . . . . . . . . . . . . Combat Hostiles . | . . . . . . . . . . . . . . Parts Melted . | . . . . . . . . . . . . . . Heat Transferred . | . . . . . . . . . . . . . . Parts Sabotaged . | . . . . . . . . . . . . . . Parts Stolen . | . . . . . . . . . . . . . . Parts Stripped . | . . . . . . . . . . . . . . Power Chain Reactions . | . . . . . . . . . . . . . . Missiles Intercepted . | . . . . . . . . . . . . . . Alert | -11 -10 -10 -10 -9 -8 -7 -7 -7 -7 -7 -7 -6 -6 ------- Run | Scr Mat Min Exi Min Mat Fac Was Fac Low Low Dat Pro Fac Peak Influence 521 | . 189 168 . 30 416 521 145 373 . . . . 263 Initial 145 | . . 30 . . . 80 145 101 . . . . 34 Average 157 | . 76 79 . 10 225 345 145 163 . . . . 76 Maximum Alert Level 2 | . . . . . 2 2 . 1 . . . . 1 Low Security (%) 71 | 100 100 100 . 100 50 14 100 75 . . . . 96 Level 1 21 | . . . . . 47 40 . 24 . . . . 3 Level 2 7 | . . . . . 2 44 . . . . . . . Level 3 . | . . . . . . . . . . . . . . Level 4 . | . . . . . . . . . . . . . . Level 5 . | . . . . . . . . . . . . . . High Security . | . . . . . . . . . . . . . . Max Security . | . . . . . . . . . . . . . . Squads Dispatched 29 | . 3 . . . 3 9 . 7 . . . . 7 Investigation 15 | . 1 . . . 2 6 . 4 . . . . 2 Extermination 9 | . . . . . . 3 . 3 . . . . 3 Reinforcement 4 | . 2 . . . 1 . . . . . . . 1 Assault . | . . . . . . . . . . . . . . Garrison 1 | . . . . . . . . . . . . . 1 Intercept . | . . . . . . . . . . . . . . Searches Triggered . | . . . . . . . . . . . . . . Construction Impeded . | . . . . . . . . . . . . . . Haulers Reinforced 1 | . . . . . . . . . . . . . 1 Active Scanning Responses . | . . . . . . . . . . . . . . Cargo Convoy Interrupts . | . . . . . . . . . . . . . . Stealth | -11 -10 -10 -10 -9 -8 -7 -7 -7 -7 -7 -7 -6 -6 --------- Run | Scr Mat Min Exi Min Mat Fac Was Fac Low Low Dat Pro Fac Distress Signals 6 | . . . . 1 3 . . . . . . . 2 Communications Jammed . | . . . . . . . . . . . . . . Distress Signals . | . . . . . . . . . . . . . . Times Spotted 182 | . 22 10 . 4 51 37 5 18 . 1 4 2 28 Peak Tracking Total 9 | . 4 4 . 3 5 8 6 4 . 1 4 1 9 Tactical Retreats 29 | . . 1 . 2 2 10 . 7 . . . . 7 Traps | -11 -10 -10 -10 -9 -8 -7 -7 -7 -7 -7 -7 -6 -6 ------- Run | Scr Mat Min Exi Min Mat Fac Was Fac Low Low Dat Pro Fac Traps Triggered 12 | . 1 . . . 1 4 . 3 1 . . . 2 Indirectly . | . . . . . . . . . . . . . . Trap Hack Attempts . | . . . . . . . . . . . . . . Triggered . | . . . . . . . . . . . . . . Disarmed . | . . . . . . . . . . . . . . Reprogrammed . | . . . . . . . . . . . . . . Reused . | . . . . . . . . . . . . . . Traps Extracted . | . . . . . . . . . . . . . . Installed . | . . . . . . . . . . . . . . Triggered . | . . . . . . . . . . . . . . Machines | -11 -10 -10 -10 -9 -8 -7 -7 -7 -7 -7 -7 -6 -6 ---------- Run | Scr Mat Min Exi Min Mat Fac Was Fac Low Low Dat Pro Fac Machines Disabled 2 | . . . . . 1 . . . . . 1 . . Max in Single Turn 1 | . . . . . 1 . . . . . 1 . . Garrison Access 3 | . . . . . . 1 . 1 . . . . 1 Machines Sabotaged . | . . . . . . . . . . . . . . Garrisons Compromised . | . . . . . . . . . . . . . . Overloaded Fab Kills . | . . . . . . . . . . . . . . Hacking | -11 -10 -10 -10 -9 -8 -7 -7 -7 -7 -7 -7 -6 -6 --------- Run | Scr Mat Min Exi Min Mat Fac Was Fac Low Low Dat Pro Fac Machines Accessed 74 | . 4 . 1 . 13 22 . 14 1 . 4 1 14 Terminals 37 | . 3 . . . 8 10 . 6 . . . 1 9 Fabricators 8 | . . . . . . 5 . 1 . . . . 2 Repair Stations 9 | . 1 . . . 2 2 . 2 . . . . 2 Recycling Units 7 | . . . . . 1 3 . 3 . . . . . Scanalyzers 3 | . . . . . 1 1 . 1 . . . . . Garrison Access 4 | . . . . . 1 1 . 1 . . . . 1 Total Hacks 234 | . 12 . 1 . 46 52 . 44 1 . 30 1 47 Successful 177 | . 7 . 1 . 26 41 . 31 1 . 30 1 39 Failed 56 | . 5 . . . 20 11 . 12 . . . . 8 Catastrophic 10 | . 1 . . . 4 2 . 2 . . . . 1 Database Lockouts 1 | . . . . . . . . 1 . . . . . Manual 110 | . 8 . . . 21 26 . 24 . . . . 31 Terminals 120 | . 9 . . . 27 26 . 22 . . . 1 35 Fabricators 21 | . . . . . . 11 . 4 . . . . 6 Repair Stations 24 | . 3 . . . 6 4 . 6 . . . . 5 Recycling Units 19 | . . . . . 2 8 . 9 . . . . . Scanalyzers 13 | . . . . . 9 2 . 2 . . . . . Garrison Access 5 | . . . . . 2 1 . 1 . . . . 1 Terminal Hacks 88 | . 3 . 1 . 10 14 . 11 1 . 30 1 17 Record 13 | . . . 1 . . . . . . . 11 1 . Part Schematic 15 | . . . . . . . . 1 . . 10 . 4 Robot Schematic 6 | . . . . . . . . . . . 6 . . Robot Analysis 5 | . 3 . . . 1 . . . . . . . 1 Prototype ID Bank 7 | . . . . . . 2 . 2 . . 3 . . Open Door 1 | . . . . . . . . . 1 . . . . Terminal Index 4 | . . . . . 1 1 . 1 . . . . 1 Fabricator Index 3 | . . . . . . 1 . 1 . . . . 1 Repair Station Index 1 | . . . . . . . . . . . . . 1 Scanalyzer Index 1 | . . . . . . . . 1 . . . . . Alert Level 11 | . . . . . 2 2 . 3 . . . . 4 Unreport Threat 3 | . . . . . 2 . . 1 . . . . . Locate Traps 5 | . . . . . 1 3 . . . . . . 1 Patrol Status 3 | . . . . . 1 1 . . . . . . 1 Recall Extermination 1 | . . . . . . 1 . . . . . . . Hauler Manifests 3 | . . . . . 2 1 . . . . . . . Zone Layout 6 | . . . . . . 2 . 1 . . . . 3 Fabricator Hacks 11 | . . . . . . 5 . 2 . . . . 4 Network Status 1 | . . . . . . . . . . . . . 1 Load Schematic 8 | . . . . . . 5 . 1 . . . . 2 Build 2 | . . . . . . . . 1 . . . . 1 Repair Station Hacks 19 | . 3 . . . 3 4 . 4 . . . . 5 Scan Component 12 | . 2 . . . 3 2 . 2 . . . . 3 Repair 7 | . 1 . . . . 2 . 2 . . . . 2 Recycling Unit Hacks 5 | . . . . . . 2 . 3 . . . . . Retrieve Components 5 | . . . . . . 2 . 3 . . . . . Scanalyzer 13 | . . . . . 9 2 . 2 . . . . . Insert Component 6 | . . . . . 4 1 . 1 . . . . . Analyze 7 | . . . . . 5 1 . 1 . . . . . Garrison Access Hacks 3 | . . . . . . 1 . 1 . . . . 1 Seal Access 3 | . . . . . . 1 . 1 . . . . 1 Unauthorized Hacks 38 | . 1 . . . 4 13 . 8 . . . . 12 Terminals 23 | . 1 . . . 4 7 . 1 . . . . 10 Track 3 | . . . . . . 1 . . . . . . 2 Assimilate 4 | . . . . . 1 1 . . . . . . 2 Botnet 11 | . . . . . 2 4 . 1 . . . . 4 Disrupt 1 | . . . . . . . . . . . . . 1 Operators 4 | . 1 . . . 1 1 . . . . . . 1 Fabricators 9 | . . . . . . 5 . 2 . . . . 2 Prioritize 2 | . . . . . . . . 1 . . . . 1 Recompile 7 | . . . . . . 5 . 1 . . . . 1 Repair Stations . | . . . . . . . . . . . . . . Recycling Units 6 | . . . . . . 1 . 5 . . . . . Reject 2 | . . . . . . . . 2 . . . . . Recyclers 1 | . . . . . . . . 1 . . . . . Mask 3 | . . . . . . 1 . 2 . . . . . Scanalyzers . | . . . . . . . . . . . . . . Garrison Access . | . . . . . . . . . . . . . . Data Cores Recovered . | . . . . . . . . . . . . . . Used . | . . . . . . . . . . . . . . Hacking Detections 53 | . 4 . . . 11 15 . 12 . . . . 11 Full Trace Events 7 | . 1 . . . 1 1 . 3 . . . . 1 Feedback Events 1 | . . . . . . 1 . . . . . . . Corruption 1 | . . . . . . 1 . . . . . . . Feedback Blocked . | . . . . . . . . . . . . . . Robot Schematics Acquired 6 | . . . . . . . . . . . 6 . . Robots Built . | . . . . . . . . . . . . . . Authchips . | . . . . . . . . . . . . . . Time . | . . . . . . . . . . . . . . Total Robot Build Rating . | . . . . . . . . . . . . . . Part Schematics Acquired 21 | . . . . . 4 1 . 2 . . 10 . 4 Parts Built 3 | . . . . . . . . 2 . . . . 1 Authchips 1 | . . . . . . . . . . . . . 1 Time 170 | . . . . . . . . 117 . . . . 53 Total Part Build Rating 20 | . . . . . . . . 14 . . . . 6 Parts Repaired 7 | . 1 . . . . 2 . 2 . . . . 2 Time 278 | . 26 . . . . 90 . 104 . . . . 58 Parts Recycled . | . . . . . . . . . . . . . . Recycled Matter . | . . . . . . . . . . . . . . Retrieved Matter . | . . . . . . . . . . . . . . Retrieved Components 5 | . . . . . . 3 . 2 . . . . . Parts Scanalyzed 6 | . . . . . 4 1 . 1 . . . . . Part Schematics Acquired 6 | . . . . . 4 1 . 1 . . . . . Parts Damaged . | . . . . . . . . . . . . . . Bothacking | -11 -10 -10 -10 -9 -8 -7 -7 -7 -7 -7 -7 -6 -6 ------------ Run | Scr Mat Min Exi Min Mat Fac Was Fac Low Low Dat Pro Fac Used RIF Installer . | . . . . . . . . . . . . . . Robots Hacked 1 | . . . . . . 1 . . . . . . . Non-combat 1 | . . . . . . 1 . . . . . . . Combat . | . . . . . . . . . . . . . . Robot Hacks Applied 1 | . . . . . . 1 . . . . . . . find_chute 1 | . . . . . . 1 . . . . . . . Relay Couplers Released 4 | . . . . . . . . . . . . . 4 Programmers 4 | . . . . . . . . . . . . . 4 Fabnet Peak Effective % . | . . . . . . . . . . . . . . Robots Rewired . | . . . . . . . . . . . . . . Allies Hacked . | . . . . . . . . . . . . . . Hacks Repelled . | . . . . . . . . . . . . . . Allies | -11 -10 -10 -10 -9 -8 -7 -7 -7 -7 -7 -7 -6 -6 -------- Run | Scr Mat Min Exi Min Mat Fac Was Fac Low Low Dat Pro Fac Total Allies 8 | . . 2 . 3 1 1 . . . . . . 1 Largest Group 3 | . . 2 . 3 3 1 . . . . . . 1 Highest-Rated Group 45 | . . 45 . 40 40 10 . . . . . . 26 Highest-Rated Ally 31 | . . 31 . 16 16 10 . . . . . . 26 Total Orders . | . . . . . . . . . . . . . . Ally Attacks 55 | . . 5 . 8 42 . . . . . . . . Total Damage 517 | . . 40 . 61 416 . . . . . . . . Kills 4 | . . 1 . 1 2 . . . . . . . . Allies Corrupted . | . . . . . . . . . . . . . . Allies Melted . | . . . . . . . . . . . . . . Intel | -11 -10 -10 -10 -9 -8 -7 -7 -7 -7 -7 -7 -6 -6 ------- Run | Scr Mat Min Exi Min Mat Fac Was Fac Low Low Dat Pro Fac Robot Analysis Total 5 | . 3 . . . 1 . . . . . . . 1 Derelict Logs Recovered 5 | . . 1 . 2 . . . . . . . 2 . Drone Launches . | . . . . . . . . . . . . . . Drone Recoveries . | . . . . . . . . . . . . . . Exploration | -11 -10 -10 -10 -9 -8 -7 -7 -7 -7 -7 -7 -6 -6 ------------- Run | Scr Mat Min Exi Min Mat Fac Was Fac Low Low Dat Pro Fac Turns Passed 10811 | 92 1063 977 265 1112 2368 1516 43 1241 201 272 77 199 1385 Spaces Moved 10781 | 53 497 568 165 519 1154 2650 89 1981 389 579 103 325 1709 Core 6 | 6 . . . . . . . . . . . . . Treads 2801 | 47 497 568 165 519 1005 . . . . . . . . Legs 149 | . . . . . 149 . . . . . . . . Wheels . | . . . . . . . . . . . . . . Hover 7825 | . . . . . . 2650 89 1981 389 579 103 325 1709 Flight . | . . . . . . . . . . . . . . Fastest Speed 36 | 50 160 160 160 160 100 38 38 38 43 43 36 40 40 Average Speed 74 | 147 160 160 160 160 159 39 38 39 43 43 46 41 46 Slowest Speed 240 | 160 160 160 160 160 240 102 38 106 43 103 105 100 166 Overloaded Moves 7 | . . . . . . . . . . . 7 . . Propulsion Burnouts . | . . . . . . . . . . . . . . Robots Hopped . | . . . . . . . . . . . . . . Cave-ins Triggered 1 | . . . . . . . . . . . . . 1 Exploration Rate (%) 58 | 5 55 99 50 99 71 44 66 31 57 73 76 52 40 Regions Visited 13 Branch Regions 7 Pre-discovered Areas 3 | . . 1 1 . . . . . . . 1 . . Known Exits Taken 6 | . . . . . 1 . . 1 1 1 1 1 . Unknown Exits Taken 5 | 1 1 1 1 1 . . . . . . . . . Scrap Searched 11 | . . 1 . 2 . . . . 1 6 . 1 . Spaces Dug 107 | . . . . . 12 35 . 31 2 . 3 . 24 Terrain Destroyed 186 | . 7 . . . 23 35 . 92 2 . 3 . 24 Melee 95 | . . . . . . 35 . 31 2 . 3 . 24 Projectile . | . . . . . . . . . . . . . . AOE 91 | . 7 . . . 23 . . 61 . . . . . Terrain Rammed . | . . . . . . . . . . . . . . Walls Destroyed . | . . . . . . . . . . . . . . Machines Disabled . | . . . . . . . . . . . . . . Actions | -11 -10 -10 -10 -9 -8 -7 -7 -7 -7 -7 -7 -6 -6 --------- Run | Scr Mat Min Exi Min Mat Fac Was Fac Low Low Dat Pro Fac Total 12935 | 64 662 604 167 791 1503 3011 99 2350 419 598 119 370 2178 Wait 1320 | . 53 8 . 262 100 226 . 255 29 11 5 28 343 Move 10769 | 52 496 567 164 518 1153 2650 88 1980 388 578 102 324 1709 Hop . | . . . . . . . . . . . . . . Pick Up 84 | 7 15 5 . 2 18 18 3 7 . 2 1 . 6 Fast Attach 63 | 5 2 . . . 20 4 2 10 . 1 . . 19 Attach 31 | . 2 . . . 4 10 . 4 . 2 1 . 8 Detach 7 | . . . . . 2 1 . 1 . . . . 3 Swap 75 | . 8 1 1 1 18 20 . 9 . . 1 6 10 Drop 119 | . 14 2 2 2 40 17 6 14 . 3 1 . 18 Fire 244 | . 64 16 . 5 141 . . 3 . . . 8 7 Melee 189 | . . . . . . 65 . 54 2 1 8 4 55 Ram . | . . . . . . . . . . . . . . Kick 2 | . . . . . 2 . . . . . . . . Crush 19 | . 8 5 . 1 5 . . . . . . . . Escape Stasis 13 | . . . . . . . . 13 . . . . . Rewire . | . . . . . . . . . . . . . . Trap . | . . . . . . . . . . . . . . Miscellaneous . | . . . . . . . . . . . . . . Route ------- -11/Scrapyard -10/Materials (discovered 2 exits: [*Mat] / [*Min]) -10/Mines (discovered 3 exits: [*Mat x2] / *Exi) -10/Exiles -9/Mines (discovered 2 exits: *Mat x2) -8/Materials (discovered 2 exits: *Fac x2) -7/Factory (discovered 3 exits: *Fac x2 / *Low) -7/Waste -7/Factory -7/Lower Caves -7/Lower Caves (discovered 2 exits: *Fac / *Dat) -7/Data Miner -6/Proximity Caves -6/Factory (discovered 1 exit: [*Low]) History --------- Turn | Location | Event 6 | -11/Scrapyard | Discovered new exit (range 14) 93 | -11/Scrapyard | Entered Materials 314 | -10/Materials | Build established: Mutant 497 | -10/Materials | Discovered new exit (range 13) 633 | -10/Materials | Discovered new exit (range 16) 1120 | -10/Materials | Repaired Lgt. Treads 1156 | -10/Materials | Entered Mines 1200 | -10/Mines | Learned location of Recycling (-7) 1807 | -10/Mines | Deemed a non-threat by the Exiles lab entrance 1807 | -10/Mines | Discovered new exit (range 5) 1831 | -10/Mines | Discovered new exit (range 13) 1972 | -10/Mines | Discovered new exit (range 9) 2133 | -10/Mines | Entered Exiles 2172 | -10/Exiles | Met 8R-AWN 2199 | -10/Exiles | Met EX-HEX 2265 | -10/Exiles | Met EX-DEC 2271 | -10/Exiles | Learned location of Zion (-6) 2378 | -10/Exiles | Discovered new exit (range 14) 2398 | -10/Exiles | Entered Mines 2399 | -9/Mines | Assembled infested the area 2404 | -9/Mines | Assisted by a Guerilla fighting off Assembled 2934 | -9/Mines | Found a hidden stash of uninstalled traps 2969 | -9/Mines | Discovered new exit (range 9) 3030 | -9/Mines | Core integrity fell below 50% 3138 | -9/Mines | Learned Materials emergency access door positions 3311 | -9/Mines | Assisted by bots powering up and referring to "LRC-V3" 3482 | -9/Mines | Discovered new exit (range 14) 3495 | -9/Mines | Learned Materials emergency access door positions 3510 | -9/Mines | Entered Materials 3510 | -8/Materials | Accompanied by 3 allies 3510 | -8/Materials | Evolved 4 slots: Propulsion x1, Utility x3 4108 | -8/Materials | Build established: Scavenger-Mutant 4378 | -8/Materials | Discovered new exit (range 5) 5635 | -8/Materials | Discovered new exit (range 3) 5871 | -8/Materials | Build established: Mutant 5874 | -8/Materials | Identified exit to Factory 5878 | -8/Materials | Entered Factory 5878 | -7/Factory | Evolved 2 slots: Propulsion x1, Utility x1 6096 | -7/Factory | Discovered new exit (range 6) 6098 | -7/Factory | Identified exit to Factory 6154 | -7/Factory | Discovered new exit (range 17) 6173 | -7/Factory | Build established: Hacker-Mutant 6482 | -7/Factory | Assembled infested ambush trap array 6801 | -7/Factory | Found Powered Armor 6803 | -7/Factory | Found Powered Armor 6892 | -7/Factory | Repaired Aerolev Unit? 7285 | -7/Factory | Identified exit to Lower Caves 7347 | -7/Factory | Discovered exit to Factory (range 15) 7386 | -7/Factory | Repaired Aerolev Unit 7394 | -7/Factory | Manually triggered Chute Trap 7394 | -7/Factory | Sucked down chute 7394 | -7/Factory | Entered Waste 7403 | -7/Waste | Found Prototype Processor 7409 | -7/Waste | EMP discharged 7409 | -7/Waste | System corruption reached 10% 7411 | -7/Waste | Spotted C-40 Crusher 7411 | -7/Waste | Spotted C-40 Crusher 7416 | -7/Waste | Spotted C-40 Crusher 7416 | -7/Waste | Spotted C-40 Crusher 7416 | -7/Waste | Spotted C-40 Crusher 7425 | -7/Waste | Discovered new exit (range 11) 7435 | -7/Waste | Identified exit to Factory 7437 | -7/Waste | Entered Factory 7758 | -7/Factory | Fabricated Hyp. Mass Driver? 7920 | -7/Factory | Identified Exp. Signal Interpreter 8220 | -7/Factory | Repaired Aerolev Unit 8316 | -7/Factory | Discovered exit to Lower Caves (range 8) 8327 | -7/Factory | Central database locked down 8449 | -7/Factory | Repaired Ionic Axe 8521 | -7/Factory | Lost 3 parts (1p2n) 8678 | -7/Factory | Entered Lower Caves 8876 | -7/Lower Caves | Discovered new exit (range 9) 8879 | -7/Lower Caves | Identified exit to Lower Caves 8879 | -7/Lower Caves | Entered another Lower Caves area 8884 | -7/Lower Caves | Discovered exit to Factory (range 12) 9023 | -7/Lower Caves | Encountered a Warlord checkpoint 9148 | -7/Lower Caves | Discovered new exit (range 6) 9151 | -7/Lower Caves | Identified exit to Data Miner 9151 | -7/Lower Caves | Entered Data Miner 9151 | -7/Data Miner | Discovered new exit (range 6) 9160 | -7/Data Miner | Met Data Miner 9168 | -7/Data Miner | Learned location of Section 7 (-2) 9170 | -7/Data Miner | Acquired the access code to Warlord's prototype stash 9176 | -7/Data Miner | Received God Mode back door access code from Data Miner 9183 | -7/Data Miner | Destroyed Data Miner 9187 | -7/Data Miner | Found Prototype Hackware 9191 | -7/Data Miner | Data Conduit disabled 9228 | -7/Data Miner | Identified exit to Proximity Caves 9228 | -7/Data Miner | Entered Proximity Caves 9419 | -6/Proximity Caves | Learned Factory stockpile data 9421 | -6/Proximity Caves | Discovered exit to Factory (range 15) 9427 | -6/Proximity Caves | Entered Factory 9427 | -6/Factory | Evolved 2 slots: Utility x2 9427 | -6/Factory | Identified Deep Network Scanner 9536 | -6/Factory | Repaired Cld. Airjet 9732 | -6/Factory | Crushed by falling debris 9732 | -6/Factory | System corruption reached 10% 9763 | -6/Factory | Lost 3 parts (2n1w) 10336 | -6/Factory | Discovered new exit (range 15) 10385 | -6/Factory | Repaired Cld. Airjet 10543 | -6/Factory | Build established: Wizard-Mutant 10548 | -6/Factory | Fabricated Adv. Hacking Suite (x1) 10732 | -6/Factory | Garrison activated, responded to threat 10812 | -6/Factory | Self-destructed Last Messages --------------- 10748_ Sneak attack on K-01 Serf. 10748_ K-01 Serf destroyed. 10749_ R-10 Processor collects Com. Wheel. 10749_ K-01 Serf collects debris. 10750_ Sneak attack on K-01 Serf. 10750_ K-01 Serf destroyed. 10751_ K-01 Serf collects debris. 10752_ R-10 Processor collects Com. Wheel. 10754_ System corrupted: Heat flow error (+233). 10754_ K-01 Serf collects debris. 10762_ Gravmag System destroyed. 10774_ CJS 9FOQP:9F/I1&YGGYXW74: 10787_ Discarded Hacking Suite. 10793_ GWG0ORGDDGPP/RMWQKR,GS9N1 10806_ Antigrav System destroyed. 10809_ Sneak attack on T-07 Excavator. 10809_ T-07 Excavator destroyed. 10811_ Antigrav System destroyed. 10811_ Cld. Airjet destroyed. 10812_ R-10 Processor collects Seismic Detector. Map ----- +----------------------------------------------------+ | ?????????????????????????????????????????????????? | | ?????????????????????????????????????????????????? | | ?????????????????????????????????????????????????? | | ?????????????????????????????????????????????????? | | ?????????????????????????????????????????????????? | | ?????????????????????????????????????????????????? | | ?????????????????????????????????????????????????? | | ?????????????????????????????????????????????????? | | ?????????????????????????????????????????????????? | | ?????????????????????????????????????????????????? | | ?????????????????????????????????????????????????? | | ???????????????????????????????????????##????????? | | ???????????????????????????######+###### ?????? | | ???????????????????????????# # ????? | | ???????????????????????????# """ """ # ??? | | ???????????????????????????# """ """ # """""""?? | | ???????????????????????????# """ """ # """"""" # | | ???????????????????????????# # """"""" # | | ???????????????????????????# # """"""" # | | ??????????????????????????## # # | | ????????????????????????###;###+##########+####### | | ????????????????????????#[ Y Y p #?????? | | ????????????????????????# gg ###### #?????? | | ????????????????????????# #????# ####### | | ???????????????????????k# l #????# | | ????????????????????????#@"""""" #????#+########## | | ????????????????????????#%"""""" #???????????????? | | ????????????????????????# """""" #???????????????? | | ????????????????????????#R"""""" #???????????????? | | ????????????????????????+ #???????????????? | | ????????????????????????##########???????????????? | | ?????????????????????????????????????????????????? | | ???????????????????????t?????????????????????????? | | ?????????????????????????????????????????????????? | | ?????????????????????????????????????????????????? | | ?????????????????????????????????????????????????? | | ?????????????????????????????????????????????????? | | ???????????????????k?????????????????????????????? | | ????????????????????t????????????????????????????? | | ?????????????????????????????????????????????????? | | ?????????????????????????????????????????????????? | | ?????????????????????????????????????????????????? | | ?????????????????????????????????????????????????? | | ?????????????????????????????????????????????????? | | ?????????????????????????????????????????????????? | | ?????????????????????????????????????????????????? | | ?????????????????????????????????????????????????? | | ?????????????????????????????????????????????????? | | ?????????????????????????????????????????????????? | | ????????????????????????[????????????????????????? | +----------------------------------------------------+ Best States ------------- Heat Dissipation 45 Energy Generation 15 Energy Capacity 265 Matter Stores 300 Matter Capacity 300 Sight Range 16 Robot Scan Range 15 Terrain Scan Density 10 ECM Strength 2 Armor Coverage 400 Core Shielding 30 Power Shielding 66 Utility Shielding 66 Evasion (%) 57 Targeting Accuracy 5 Recoil Reduction 3 Offensive Hacking 69 Defensive Hacking 12 Authchip Count 7 Item Schematics ----------------- Aerolev Unit | -8/Materials | Scanalyzed Hammer | -8/Materials | Scanalyzed Sensor Array | -8/Materials | Scanalyzed System Shield | -8/Materials | Scanalyzed Lyr. Light Armor Plating | -7/Factory | Scanalyzed Exp. Signal Interpreter | -7/Factory | Scanalyzed Gravity Neutralizer | -7/Factory | Hacked Combat Drone Bay | -7/Data Miner | Free Lgt. Regenerative Plating | -7/Data Miner | Free Cld. Cesium-ion Thruster | -7/Data Miner | Free Exp. Weapon Shielding | -7/Data Miner | Free Cld. Plasma Cannon | -7/Data Miner | Free Antigrav System | -7/Data Miner | Free Imp. Recalibrator | -7/Data Miner | Free Variable Charge Gun | -7/Data Miner | Free Hvy. Siege Treads | -7/Data Miner | Free Imp. Actuator Array | -7/Data Miner | Free Adv. System Shield | -6/Factory | Hacked Lgt. Antimatter Reactor | -6/Factory | Hacked Adv. Hacking Suite | -6/Factory | Hacked Nuclear Pulse Thruster | -6/Factory | Hacked Robot Schematics ------------------ L-41 Fighter | -7/Data Miner | Free O-24 Administrator | -7/Data Miner | Free E-15 Imp | -7/Data Miner | Free G-50 Soldier | -7/Data Miner | Free X-62 Marksman | -7/Data Miner | Free S-27 Virus | -7/Data Miner | Free Fabricated ------------ Hyp. Mass Driver | x2 | -7/Factory | Preloaded Adv. Hacking Suite | x1 | -6/Factory | Authchip Alien Tech Used ----------------- None Achievements -------------- None Challenges ------------ None Game ------ Seed ParticleAblativePenetrator Manual? 0 Play Time 01:37:46 Cumulative 368.0 hours Start 2022.04.28 @ 16:03:07 End 2022.04.29 @ 09:39:29 Sessions 2 Manual Loads 0 Difficulty Rogue Special Mode None Game No. 374 Rogue 374 Adventurer 0 Explorer 0 Win Type - Total 20 Types 12/2/3/2/0/0/0/1/0 Lore% 91 Gallery% 88 Achievement% 75 Wizard Run 0 Options --------- ASCII 0 Keyboard 0 Movement Arrows Keybinds 0 Fullscreen 1 Font 18/Smallcaps Map View 76x50 Tactical HUD 1 Map Filters NONE Filters NONE Steam 1 RUN: d27912bb-ec99-44bc-b9a8-dcee7a5b1bba